 Dungeon Crawl Stone Soup version 0.27-a0-1332-g84bddb5ca7 (webtiles) character file.

Game seed: 16800034482455841532

137 dinky3 the Shield-Bearer (level 5, -6/41 (43) HPs)
             Began as a Formicid Fighter on June 26, 2021.
             Mangled by Crazy Yiuf (13 damage)
             ... on level 2 of the Dungeon.
             The game lasted 00:01:31 (2069 turns).

dinky3 the Shield-Bearer (Formicid Fighter)         Turns: 2069, Time: 00:01:32

HP:   -6/41 (43)    AC:  9    Str: 21    XL:     5   Next: 43%
MP:   5/5           EV:  8    Int:  8    God:
Gold: 115           SH:  9    Dex: 10    Spells: 4/4 levels left

rFire    . . .     SeeInvis +   a - +0 war axe
rCold    . . .     Faith    .   c - +0 kite shield
rNeg     . . .     Spirit   .   b - +0 scale mail
rPois    .         Reflect  .   (helmet unavailable)
rElec    .         Harm     .   (no cloak)
rCorr    .         Rampage  .   l - +0 pair of gloves
Will     .....                  m - +0 pair of boots
Stlth    ..........             (no amulet)
HPRegen  0.13/turn              (no ring)
MPRegen  0.09/turn              (no ring)

@: lightly drained
A: permanent stasis, dig shafts and tunnels, antennae 3, four strong arms
a: Dig, Shaft Self


You were on level 2 of the Dungeon.
You visited 1 branch of the dungeon, and saw 2 of its levels.

You collected 115 gold pieces.

Inventory:

Hand Weapons
 a - a +0 war axe (weapon)
Armour
 b - a +0 scale mail (worn)
 c - a +0 kite shield (worn)
 l - a +0 pair of gloves (worn)
 m - a +0 pair of boots (worn)
Jewellery
 j - a ring of ice
Wands
 d - a wand of flame (21)
Scrolls
 f - a scroll of magic mapping {unknown}
 h - a scroll of vulnerability {unknown}
 i - 2 scrolls of immolation {unknown}
 k - 2 scrolls of fear {unknown}
 n - a scroll of enchant armour {unknown}
 r - a scroll of identify {unknown}
Potions
 e - 3 potions of ambrosia {unknown}
 g - a potion of flight {unknown}
 o - 2 potions of brilliance {unknown}
 p - a potion of curing {unknown}
 q - a potion of haste {unknown}
 s - a potion of lignification {unknown}


   Skills:
 + Level 4.4 Fighting
 + Level 3.3 Axes
 - Level 3.4 Armour
 + Level 4.9 Shields


You had 4 spell levels left.
You didn't know any spells.
Your spell library contained the following spells:

 Spells                   Type           Power      Damage    Failure   Level
 Freeze                   Ice            0%         1d3       96%         1
 Frozen Ramparts          Ice            0%         1d2       100%        3
 Ozocubu's Armour         Ice            0%         N/A       100%        3
 Hailstorm                Conj/Ice       0%         3d3       100%        4
 Metabolic Englaciation   Hex/Ice        0%         N/A       100%        5


Dungeon Overview and Level Annotations

Branches:
Dungeon (2/15)

Altars:
Fedhas

Annotations:
D:2 Crazy Yiuf


Innate Abilities, Weirdness & Mutations

You cannot be hasted, slowed, berserked, paralysed or teleported.
You can dig through walls and to a lower floor.
You have a pair of large antennae on your head. (SInv)
Your four strong arms can wield two-handed weapons with a shield.


Message History

Crazy Yiuf is moderately wounded.
Crazy Yiuf hits you with a +3 quarterstaff of chaos.
Okay, then.
You closely miss Crazy Yiuf.
Crazy Yiuf is moderately wounded.
Crazy Yiuf hits you with a +3 quarterstaff of chaos!
You feel drained.
You barely miss Crazy Yiuf.
Crazy Yiuf is moderately wounded.
Crazy Yiuf hits you with a +3 quarterstaff of chaos!
Crazy Yiuf burns you. Crazy Yiuf closely misses you.
You hit Crazy Yiuf.
Crazy Yiuf is heavily wounded.
Crazy Yiuf hits you with a +3 quarterstaff of chaos.
You are poisoned.
You hit Crazy Yiuf.
Crazy Yiuf is severely wounded.
* * * LOW HITPOINT WARNING * * *
You feel very sick. You block Crazy Yiuf's attack.
Crazy Yiuf barely misses you.
Unknown command.
You feel sick.
You feel sick.
You feel sick.
You feel sick.
You feel sick.
You feel sick.
You feel sick.
You feel sick.
You are no longer poisoned.
Crazy Yiuf laughs, "Goldfish!
Mountain Xom canine."
Things that are here:
a +0 club; a +0 robe Crazy Yiuf grits, "Line bush senile!"
Crazy Yiuf cries, "You leg down broken song, no?"
Crazy Yiuf laughs, "Lugonu!"
Crazy Yiuf laughs, "Ten chair action!"
There is a stone staircase leading down here.
Crazy Yiuf hits you with a +3 quarterstaff of chaos!
You die...

.#.###.######.##
#........# .#.# #.#
#..# #........# .#.#
#.#
##.###........######
.#.###.####
#..##.............#
.#........#
##.##.............#
.#<...)...#
#..#.............#
.##.......#
##.##)###........#
.##.......# #.##.#
#...<....#
.'........# #@.#.#
#(.......#
######....# ##g#.#
#........# #....#
#.#.# ########## ###
#....# #.#(# ..#
###### #.#.# ..#
#.#.# .. #...# '#
##..# .## #..#


You could see Crazy Yiuf.

Vanquished Creatures
  Terence (D:2)
  Jessica (D:2)
  Robin (D:2)
  A dart slug (D:2)
  5 ball pythons
  4 endoplasms
  6 giant cockroaches
  11 goblins
  6 hobgoblins
  11 jackals
  4 kobolds
  2 quokkas (D:2)
  4 bats
  3 rats
60 creatures vanquished.

Vanquished Creatures (others)
  5 fungi (D:2)
5 creatures vanquished.

Grand Total: 65 creatures vanquished

Notes
Turn   | Place    | Note
-------+----------+-------------------------------------------
     0 | D:1      | dinky3 the Formicid Fighter began the quest for the Orb.
     0 | D:1      | Reached XP level 1. HP: 18/18 MP: 1/1
   136 | D:1      | Reached XP level 2. HP: 24/24 MP: 2/2
   729 | D:1      | Reached XP level 3. HP: 25/29 MP: 3/3
   972 | D:2      | Found a blossoming altar of Fedhas.
  1242 | D:2      | Noticed Terence
  1250 | D:2      | Killed Terence
  1251 | D:2      | Reached XP level 4. HP: 16/37 MP: 4/4
  1572 | D:2      | Noticed Robin
  1578 | D:2      | Killed Robin
  1579 | D:2      | Reached XP level 5. HP: 27/42 MP: 5/5
  1799 | D:2      | Noticed Jessica
  1809 | D:2      | Killed Jessica
  2023 | D:2      | Found a runed translucent door.
  2024 | D:2      | Noticed Crazy Yiuf
  2069 | D:2      | Mangled by Crazy Yiuf

Illustrated notes

Levels and vault maps discovered:
D:1:      dpeg_arrival_fog, layout_loops_ring, minmay_misc_feat_x,
          corexii_hall_statues_i, minmay_tetromino_o4
D:2:      layout_basic, basic_altar, grunt_ministairs_1,
          uniq_crazy_yiuf_cottage, uniq_terence, uniq_jessica, uniq_robin

Skill      XL: |  1  2  3 |
---------------+----------+-----
Shields        | 4 |  4.9
Fighting       | 4 |  4.4
Axes           | 3 |  3.3
Armour         | |  3.4

Action                   |  1- 3 |  4- 6 || total
-------------------------+-------+-------++-------
Melee: War axe           |   107 |    93 ||   200
Evoke: Wand              |       |     1 ||     1
  Use: Potion            |     1 |       ||     1
Armor: Scale mail        |    54 |    34 ||    88
Dodge: Dodged            |    54 |    31 ||    85
Block: Kite shield       |    66 |    54 ||   120

Table legend: (Time is in decaauts)
 A = Elapsed time spent in this place.
 B = Non-inter-level travel time spent in this place.
 C = Inter-level travel time spent in this place.
 D = Time resting spent in this place.
 E = Time spent auto-exploring this place.
 F = Levels seen in this place.
 G = Mean time per level.
                   A        B        C        D        E       F      G
               +--------+--------+--------+--------+--------+-----+--------+
         Total |   2172 |   2024 |    148 |    196 |   1296 |   2 | 1086.0 |
       Dungeon |   2172 |   2024 |    148 |    196 |   1296 |   2 | 1086.0 |
               +--------+--------+--------+--------+--------+-----+--------+

Top non-repeatable levels by time:
     D:2: 1218 daAuts
     D:1: 953 daAuts
